 Dungeon Crawl Stone Soup version 0.29.1-13-g9f3cf754e1 (webtiles) character file.

Game seed: 12675477310390186711

17238 HOAXBANE the Slicer (level 12, -5/114 HPs)
             Began as a Human Artificer on Feb 6, 2023.
             Was a Priest of Sif Muna.
             Killed by an exploding vampire (14 damage)
             ... ignited by their inner flame
             ... on level 10 of the Dungeon on Feb 9, 2023.
             The game lasted 03:05:35 (18964 turns).

HOAXBANE the Slicer (Human Artificer)              Turns: 18964, Time: 03:05:41

Health: -5/114     AC: 20    Str: 12    XL:     12   Next: 80%
Magic:  31/31      EV: 15    Int: 22    God:    Sif Muna [***...]
Gold:   838        SH:  9    Dex: 17    Spells: 12/25 levels left

rFire   . . .      SeeInvis .   y - +10 short sword of Destiny {protect, Fragile rC+ Dex+4}
rCold   + . .      Faith    +   G - +0 kite shield
rNeg    . . .      Spirit   .   k - +2 robe {Will+}
rPois   .          Reflect  .   I - +2 hat {Will+}
rElec   .          Harm     .   u - +0 cloak
rCorr   .          Rampage  .   r - +2 pair of gloves
Will    ++...      Clarity  +   h - +2 pair of boots
Stlth   ..........              A - amulet of faith
HPRegen 0.29/turn               B - +6 ring of intelligence
MPRegen 0.22/turn               F - ring of magical power

@: berserking, under a protective aura, very quick
A: antennae 1, clarity, clumsy 1
a: Renounce Religion, Channel Magic, Forget Spell


You were on level 10 of the Dungeon.
You worshipped Sif Muna.
Sif Muna was most pleased with you.
You visited 3 branches of the dungeon, and saw 13 of its levels.

You collected 838 gold pieces.

Inventory:

Hand Weapons
 y - the +10 short sword of Destiny (weapon) {protect, Fragile rC+ Dex+4}
   (You found it on level 7 of the Dungeon)

   It grants its wielder temporary protection when it strikes (+7 to AC).
   Dex:       It affects your dexterity (+4).
   rC:        It protects you from cold.
   Fragile:   It will be destroyed if unequipped.
Missiles
 o - 7 poisoned darts (quivered)
Armour
 h - a +2 pair of boots (worn)
 k - a +2 robe of willpower (worn)
 n - the +1 leather armour of Erroviu {rElec}
   (You found it on level 5 of the Dungeon)

   rElec:     It insulates you from electricity.
 r - a +2 pair of gloves (worn)
 u - a +0 cloak (worn)
 x - a +2 robe of cold resistance
 E - a +0 robe of fire resistance
 G - a +0 kite shield (worn)
 I - a +2 hat of willpower (worn)
Jewellery
 A - an amulet of faith (around neck)
 B - a +6 ring of intelligence (left hand)
 F - a ring of magical power (right hand)
Wands
 d - a wand of charming (7)
 e - a wand of iceblast (11)
 H - a wand of flame (8)
Scrolls
 a - 4 scrolls of teleportation
 b - 6 scrolls of fear
 q - 2 scrolls of butterflies
 w - 2 scrolls of immolation
 z - a scroll of amnesia
 C - a scroll of summoning
 D - a scroll of enchant weapon
Potions
 c - 2 potions of haste
 f - a potion of mutation
 i - 2 potions of might
 j - 2 potions of heal wounds
 l - 2 potions of brilliance
 p - a potion of invisibility
 s - 2 potions of resistance
 v - 3 potions of curing
Miscellaneous
 g - a lightning rod (inert)
 t - a phial of floods


   Skills:
 - Level 1.0 Fighting
 + Level 10.6 Short Blades
 - Level 2.0 Armour
 - Level 9.0 Dodging
 - Level 5.0 Stealth
 + Level 3.7 Shields
 - Level 7.0 Spellcasting
 + Level 3.8 Hexes
 + Level 9.8 Necromancy
 - Level 3.0 Invocations
 - Level 3.0 Evocations


You had 12 spell levels left.
You knew the following spells:

 Your Spells              Type           Power      Damage    Failure   Level
a - Necrotise             Necr           100%       1d9       1%          1
b - Vampiric Draining     Necr           50%        2d9       1%          3
c - Agony                 Necr           50%        N/A       12%         5
d - Anguish               Hex/Necr       18%        N/A       14%         4

Your spell library contained the following spells:

 Spells                   Type           Power      Damage    Failure   Level
 Sting                    Tmut/Pois      28%        1d4       24%         1
 Dazzling Flash           Conj/Hex       32%        N/A       32%         3
 Inner Flame              Hex/Fire       16%        N/A       32%         3
 Poisonous Vapours        Pois/Air       14%        N/A       36%         2
 Cause Fear               Hex            12%        N/A       45%         4
 Borgnjor's Vile Clutch   Necr/Erth      14%        N/A       65%         5
 Animate Armour           Summ/Erth      14%        N/A       94%         4
 Olgreb's Toxic Radiance  Pois           7%         N/A       94%         4
 Silence                  Hex/Air        8%         N/A       97%         5
 Alistair's Intoxication  Tmut/Pois      4%         N/A       100%        5
 Blade Hands              Tmut           3%         N/A       100%        5
 Fireball                 Conj/Fire      3%         3d4       100%        5
 Iskenderun's Battlesphe  Conj           7%         2d6       100%        5
 Conjure Ball Lightning   Conj/Air       3%         3x3d6     100%        6
 Eringya's Noxious Bog    Tmut/Pois      3%         N/A       100%        6
 Iron Shot                Conj/Erth      3%         9d2       100%        6
 Enfeeble                 Hex            12%        N/A       100%        7
 Orb of Destruction       Conj           3%         9d5       100%        7
 Discord                  Hex            12%        N/A       100%        8


Dungeon Overview and Level Annotations

Branches:
Dungeon (10/15)            Temple (1/1) D:5            Lair (2/5) D:8
  Swamp (0/4) Lair:2        Snake (0/4) Lair:2
    Orc: D:9-12

Altars:
Ashenzari
Cheibriados
Elyvilon
Hepliaklqana
Nemelex Xobeh
Okawaru
Qazlal
Sif Muna
Zin
The Shining One

Shops:
D:2 *   D:6 [


Innate Abilities, Weirdness & Mutations

You have a pair of small antennae on your head.
You possess an exceptional clarity of mind.
You are clumsy. (Dex -2)


Message History

You closely miss something. Something hits you! Something bites you!
Something draws strength from your injuries!
You closely miss something. Something hits you.
Something bites you but does no damage.
You hit something but do no damage. Something hits you.
Something barely misses you.
You barely miss something. You hit something.
Something draws life force from you.
You miss something. You block something's attack. x2
As you read the scroll of immolation, it crumbles to dust.
The creatures around you are filled with an inner flame!
Something draws life force from you!!
* * * LOW HITPOINT WARNING * * *
You hit something but do no damage.
A red film seems to cover your vision as you go berserk!
You feel yourself moving faster!
You feel mighty!
You hear some strange, mumbled words.
Something tries to affect you, but you resist.
You miss something. Something barely misses you. x2
You closely miss something. You puncture something!
Flame seeps out of something. x2
Something draws life force from you!
* * * LOW HITPOINT WARNING * * *
A boulder beetle comes into view.
Really walk into that cloud of flame?
Okay, then.
Unknown command.
Press: ? - help, v - describe, . - travel The floor, spattered with blood.
There is a cloud of flame here.
Unknown command.
You feel a strong urge to attack something.
Flame seeps out of something.
You puncture something! Sif Muna accepts your kill.
Reactivating autopickup.
You feel a bit more experienced.
The vampire explodes!
The fiery explosion engulfs you!
You die...

#.........#..)...........
######{####..............
#####K####..............
#K){45..##.........#####
#.####'########.####.......†.
.............###.#############
.#..........§§°..##.......#
#######....)§### #.#####.#
B..#'#§@#####.#.....#
!......#.###....#.#####
.......##......####.#####
######.##......##.......#
#....#.#####.#...#.# ..#####.#
#.###.# #.# # #.# # #.. ###.#
# ### #...# #


There were no monsters in sight!

Vanquished Creatures
  A dire elephant (Lair:2)
  A hydra (D:9)
  3 two-headed ogres
  Erica (D:8)
  A black mamba (Lair:1)
  An unseen horror (D:7)
  2 cane toads (Lair:1)
  Maggie (Lair:1)
  5 komodo dragons
  A polar bear (Lair:2)
  2 trolls (D:9)
  Prince Ribbit (Lair:1)
  2 slime creatures (D:9)
  A blink frog (Lair:1)
  A culicivora (shapeshifter) (D:10)
  18 yaks
  A vampire (D:10)
  3 wyverns (D:8)
  A basilisk (Lair:1)
  Grum (Lair:1)
  3 wargs (D:8)
  7 water moccasins
  A sky beast (D:6)
  3 orc warriors
  2 ogres
  2 ice beasts
  2 black bears (D:7)
  7 wolves
  4 centaurs
  Blork the orc (D:5)
  A kobold brigand (D:8)
  9 bullfrogs
  A scorpion (D:5)
  2 wights (D:9)
  An electric eel (Lair:2)
  3 howler monkeys
  7 orc priests
  3 hounds
  4 jellies
  A gnoll bouda (D:7)
  13 orc wizards
  3 iguanas
  4 gnolls
  4 adders
  A shadow imp (D:5)
  2 ufetubi (D:7)
  5 worms
  A dart slug (D:2)
  39 orcs
  6 bats
  12 endoplasms
  3 giant cockroaches
  8 goblins
  4 hobgoblins
  2 jackals (D:1)
  2 quokkas
  4 ball pythons
  4 frilled lizards
  12 kobolds
  6 rats
  A bush (Lair:2)
248 creatures vanquished.

Vanquished Creatures (collateral kills)
  A blink frog (Lair:1)
  A yak (Lair:1)
  A steam dragon (Lair:2)
  2 wolves (Lair:1)
  A bullfrog (Lair:1)
  3 killer bees (D:9)
  An orc wizard (D:4)
  An ufetubus (D:6)
  2 orcs
  A quokka (D:2)
14 creatures vanquished.

Vanquished Creatures (others)
  A troll (D:9)
  A centaur (D:9)
  An orc priest (D:7)
  A gnoll (D:6)
  2 bushes (Lair:2)
  21 fungi
  25 plants
  8 toadstools (D:2)
60 creatures vanquished.

Grand Total: 322 creatures vanquished

Notes
Turn   | Place    | Note
-------+----------+-------------------------------------------
     0 | D:1      | HOAXBANE the Human Artificer began the quest for the Orb.
     0 | D:1      | Reached XP level 1. HP: 15/15 MP: 1/1
   188 | D:1      | Reached XP level 2. HP: 8/21 MP: 1/3
   399 | D:1      | Reached skill level 1 in Spellcasting
  1193 | D:1      | Reached XP level 3. HP: 21/26 MP: 3/5
  1290 | D:1      | Found a faded altar of an unknown god.
  1543 | D:2      | Found Atiho's General Store.
  2855 | D:2      | Learned a level 1 spell: Necrotise
  3073 | D:2      | Reached XP level 4. HP: 22/32 MP: 2/6
  3584 | D:2      | Reached skill level 1 in Necromancy
  3595 | D:2      | Reached XP level 5. HP: 17/37 MP: 1/8
  3914 | D:3      | Learned a level 3 spell: Vampiric Draining
  4624 | D:3      | Reached XP level 6. HP: 43/43 MP: 5/9
  4997 | D:3      | 4
  5628 | D:4      | Reached XP level 7. HP: 32/48 MP: 10/10
  5915 | D:5      | Entered Level 5 of the Dungeon
  5978 | D:5      | Identified the +1 leather armour of Erroviu {rElec}
  6190 | D:5      | Noticed Blork the orc
  6201 | D:5      | Killed Blork the orc
  6225 | D:5      | Found an iron altar of Okawaru.
  6272 | D:5      | Found a staircase to the Ecumenical Temple.
  6289 | D:5      | Reached skill level 1 in Short Blades
  6292 | Temple   | Entered the Ecumenical Temple
  6299 | Temple   | Became a worshipper of Sif Muna the Loreminder
  6437 | D:5      | Reached XP level 8. HP: 20/54 MP: 7/13
  6639 | D:5      | Reached skill level 2 in Short Blades
  6639 | D:5      | Reached skill level 5 in Necromancy
  7166 | D:6      | Found a glowing golden altar of the Shining One.
  7256 | D:6      | Reached skill level 3 in Short Blades
  7340 | D:6      | Found Doib Viq's Armour Emporium.
  8079 | D:6      | Reached skill level 4 in Short Blades
  8202 | D:7      | Reached XP level 9. HP: 40/59 MP: 6/15
  8387 | D:7      | Reached * piety under Sif Muna
  8413 | D:7      | Reached skill level 5 in Short Blades
  8542 | D:7      | Identified the +10 short sword of Destiny {protect, Fragile
                  | rC+ Dex+4}
  9066 | D:7      | Killed an unseen horror
  9284 | D:7      | Reached skill level 5 in Dodging
  9696 | D:7      | Reached skill level 6 in Short Blades
 10115 | D:8      | Reached XP level 10. HP: 65/65 MP: 14/16
 10659 | D:8      | Noticed Erica
 10679 | D:8      | Killed Erica
 10680 | D:8      | Reached skill level 7 in Short Blades
 10680 | D:8      | Reached skill level 5 in Spellcasting
 11332 | D:8      | Reached skill level 8 in Short Blades
 11336 | D:8      | Found a staircase to the Lair.
 11518 | D:8      | Gained mutation: You have a pair of small antennae on your
                  | head. [potion of mutation]
 11518 | D:8      | Gained mutation: You possess an exceptional clarity of
                  | mind. [potion of mutation]
 11518 | D:8      | Gained mutation: You are clumsy. (Dex -2) [potion of
                  | mutation]
 11731 | Lair:1   | Entered Level 1 of the Lair of Beasts
 11731 | Lair:1   | Noticed a komodo dragon
 11744 | Lair:1   | Killed a komodo dragon
 11929 | Lair:1   | Noticed a komodo dragon
 11954 | Lair:1   | Killed a komodo dragon
 11955 | Lair:1   | Reached XP level 11. HP: 67/70 MP: 18/20
 12194 | Lair:1   | Noticed Maggie
 12218 | Lair:1   | Killed Maggie
 12218 | Lair:1   | Reached ** piety under Sif Muna
 12400 | Lair:1   | Reached skill level 9 in Short Blades
 12609 | Lair:1   | Noticed Prince Ribbit
 12637 | Lair:1   | Killed Prince Ribbit
 12891 | Lair:1   | Noticed Grum
 12901 | Lair:1   | Killed Grum
 13284 | Lair:1   | Reached skill level 5 in Stealth
 14024 | Lair:1   | Learned a level 5 spell: Agony
 14433 | Lair:2   | Found a staircase to the Snake Pit.
 14464 | Lair:2   | Learned a level 4 spell: Anguish
 14699 | Lair:2   | Reached skill level 1 in Invocations
 14881 | Lair:2   | Noticed a dire elephant
 14992 | Lair:2   | Reached skill level 1 in Hexes
 15009 | Lair:2   | Reached skill level 1 in Shields
 15023 | Lair:2   | Reached skill level 10 in Short Blades
 15271 | Lair:2   | Reached XP level 12. HP: 76/76 MP: 21/21
 15291 | Lair:2   | Killed a dire elephant
 15752 | Lair:2   | Found a staircase to the Swamp.
 16360 | D:9      | Noticed a seven-headed hydra
 16360 | D:9      | Noticed a two-headed ogre
 16367 | D:9      | Killed a seven-headed hydra
 16380 | D:9      | Killed a two-headed ogre
 16385 | D:9      | Reached *** piety under Sif Muna
 16750 | D:9      | HP: 1/76 [very large slime creature (14)]
 17966 | D:9      | Noticed a two-headed ogre
 17970 | D:9      | Killed a two-headed ogre
 18184 | D:10     | Entered Level 10 of the Dungeon
 18327 | D:10     | Noticed a two-headed ogre
 18344 | D:10     | Killed a two-headed ogre
 18871 | D:10     | Noticed a centaur warrior
 18961 | D:10     | Noticed a boulder beetle
 18964 | D:10     | Killed by an exploding vampire... ignited by their inner
                  | flame

Illustrated notes

###.####.# #....
#.....##.###...#
#.###..........#
#.# #.######.#.#
#.###.# #.#.#
#.....# #.#.#
#####.########.#..
#.................
#@###.########.###
#.# #.########.#
#.# #.##.......#
#.# #.##.#######
#.# #.##.# #.#
#.##.# ###.#
#.##.# ### #...#
#.##.# #..
#.#####.##.####
#.#


Turn 4997 on D:3: 4

Levels and vault maps discovered:
D:1:      matt_arrival_grand_opening, layout_loops_ring,
          hellmonk_ecumenical_altar_prayer_group, hangedman_glass_teeth
D:2:      cheibrodos_fertilizer, layout_rooms, serial_shops, shop,
          dk_noncrumbling_2, hex_intersection, nicolae_wormholes
D:3:      layout_loops_ring
D:4:      layout_gridville
D:5:      layout_loops_cross, okawaru_gym_becter, minmay_temple_entry_wispy,
          uniq_blork_the_orc
D:6:      layout_rooms, tso_altar, serial_shops, nicolae_shop_trees
D:7:      black_bear_nest_1, layout_basic, minmay_between
D:8:      layout_cave_pools, erik_lair_orcish_takeover, chequers_jeans,
          minmay_fractal_squares_gapless_5, uniq_erica
D:9:      minmay_angry_zag, layout_loops_corners, minmay_checkerbox
D:10:     minmay_shrinking_squares, layout_basic, kennysheep_mini_moat,
          nzn_sisyphean_effort
Temple:   compressed_dpeg_triangle_lava_temple
Lair:1:   layout_cave_shapes, st_stairs_3, uniq_maggie, uniq_prince_ribbit2,
          uniq_grum
Lair:2:   layout_roguey, minmay_swamp_entry_eels, dummy_snake_entry,
          nicolae_lair_grazing_beasts [nicolae_sub_lair_graze_edge,
          nicolae_sub_lair_graze_edge, nicolae_sub_lair_graze_edge,
          nicolae_sub_lair_graze_edge]

Skill      XL: |  1  2  3  4  5  6  7  8  9 10 11 12 |
---------------+-------------------------------------+-----
Spellcasting   | 1 2 3 4 6 7 |  7.0
Dodging        | 2 3 4 6 7 8 9 |  9.0
Necromancy     | 2 3 4 6 8 9 |  9.8
Short Blades   | 1 4 6 8 10 | 10.6
Stealth        | 5 |  5.0
Invocations    | 1 3 |  3.0
Hexes          | 1 3 |  3.8
Shields        | 1 3 |  3.7
Fighting       | |  1.0
Armour         | |  2.0
Evocations     | |  3.0

Action                   |  1- 3 |  4- 6 |  7- 9 | 10-12 || total
-------------------------+-------+-------+-------+-------++-------
Melee: Club              |    32 |       |       |       ||    32
       Dagger            |   152 |   108 |   112 |       ||   372
       Punch             |       |     1 |     2 |     2 ||     5
       Short sword       |       |       |    54 |   415 ||   469
Throw: Dart              |       |       |    35 |    24 ||    59
 Cast: Necrotise         |     5 |    80 |   147 |   247 ||   479
       Vampiric Draining |       |     1 |     8 |    64 ||    73
       Agony             |       |       |       |     3 ||     3
       Anguish           |       |       |       |     2 ||     2
Invok: Channel Magic     |       |       |       |     1 ||     1
Evoke: Wand              |    11 |     7 |     5 |    10 ||    33
       Lightning rod     |       |       |       |     4 ||     4
  Use: Scroll            |     8 |     6 |     9 |     9 ||    32
       Potion            |       |     1 |     2 |     5 ||     8
 Stab: Sleeping          |     1 |     2 |     2 |     5 ||    10
       Distracted        |     1 |       |       |       ||     1
Armor: Leather armour    |    19 |       |       |       ||    19
       Ring mail         |    21 |       |       |       ||    21
       Robe              |     6 |    30 |    85 |   128 ||   249
Dodge: Dodged            |   100 |    48 |   134 |   210 ||   492
Block: Kite shield       |    15 |       |       |    90 ||   105
